 Dungeon Crawl Stone Soup version 0.31-a0-204-g7da18cac08 (webtiles) character file.

Game seed: 16232137898710828924

315 Warped the Sneak (level 6, -10/58 HPs)
             Began as an Octopode Fire Elementalist on June 27, 2023.
             Mangled by an ogre
             ... wielding a +0 giant club
              (21 damage)
             ... on level 4 of the Dungeon.
             The game lasted 00:06:36 (2916 turns).

Warped the Sneak (Octopode Fire Elementalist)       Turns: 2916, Time: 00:06:37

Health: -10/58     AC: 23    Str:  7    XL:     6   Next: 43%
Magic:  8/10       EV:  2    Int: 20    God:
Gold:   243        SH:  0    Dex: 12    Spells: 1/11 levels left

rFire   . . .        a - +2 dagger (venom)
rCold   . . .        (no shield)
rNeg    . . .        (helmet currently unavailable)
rPois   +            (no amulet)
rElec   .            (no ring)
rCorr   .            (no ring)
SInv    .            (no ring)
Will    .....        (no ring)
Stlth   +++          (no ring)
HPRegen 0.29/turn    (no ring)
MPRegen 0.12/turn    (no ring)
                     (no ring)

%: no passive effects
@: tree-form
A: stationary, stasis, torment immunity, boosted hp, almost no armour,
(amphibious), 8 rings, (camouflage 1), (gelatinous body 1), (nimble swimmer 1),
(tentacles)
a: no special abilities


You were on level 4 of the Dungeon.
You were a tree.
You visited 1 branch of the dungeon, and saw 4 of its levels.

You collected 243 gold pieces.

Inventory:

Hand Weapons
 a - a +2 dagger of venom (weapon)
 c - a +0 dagger
 f - a +0 dagger of speed
 g - a +0 sling
 r - a +0 short sword of draining
 y - a +2 morningstar of flaming
Missiles
 l - 37 stones
 u - 5 poisoned darts
Magical Staves
 b - a staff of poison
 s - a staff of cold
Scrolls
 d - 10 scrolls of identify {unknown}
 e - a scroll of enchant weapon {unknown}
 h - a scroll of acquirement {unknown}
 i - 2 scrolls of noise {unknown}
 j - 2 scrolls of teleportation {unknown}
 k - a scroll of enchant armour {unknown}
 n - a scroll of fog {unknown}
 p - a scroll of amnesia {unknown}
 v - a scroll of fear {unknown}
 w - a scroll of torment {unknown}
Potions
 m - a potion of heal wounds {unknown}
 o - a potion of haste {unknown}
 q - a potion of lignification
 t - a potion of attraction {unknown}
 x - a potion of curing {unknown}


   Skills:
 + Level 2.0 Fighting
 * Level 3.0 Short Blades
 - Level 2.0 Dodging
 + Level 4.6 Stealth
 + Level 3.1 Spellcasting
 - Level 1.5 Conjurations
 + Level 3.8 Fire Magic
 - Level 0.2 Poison Magic


You had one spell level left.
You knew the following spells:

 Your Spells              Type           Power      Damage    Failure   Level
a - Foxfire               Conj/Fire      52%        2x1d6     4%          1
b - Scorch                Fire           36%        2d6       4%          2
c - Volatile Blastmotes   Fire/Tloc      20%        2d11      19%         3
d - Flame Wave            Conj/Fire      13%        2d6       43%         4

Your spell library contained the following spells:

 Spells                   Type           Power      Damage    Failure   Level
 Inner Flame              Hex/Fire       10%        N/A       19%         3
 Ignite Poison            Fire/Tmut/Pois 8%         N/A       24%         3
 Sticky Flame             Conj/Fire      13%        2d4       43%         4
 Ignition                 Fire           9%         3d5       100%        8


Dungeon Overview and Level Annotations

Branches:
Dungeon (4/15)
 Temple: D:4-7

Altars:
Cheibriados
Fedhas
Kikubaaqudgha
Makhleb
Nemelex Xobeh
Qazlal
Yredelemnul

Shops:
D:1 (


Innate Abilities, Weirdness & Mutations

You are a tree.
Your roots penetrate the ground, keeping you stationary.
You cannot be teleported.
You are immune to unholy pain and torment.
Your maximum health is greatly increased.
You cannot wear most types of armour.
((You are amphibious.))
You can wear up to eight rings at the same time.
((Your skin changes colour to match your surroundings (Stealth+).))
((Your rubbery body absorbs attacks. (AC +1, EV +1)))
((You are camouflaged when in or above water. (Stealth+)))
((You have tentacles for arms and can constrict up to eight enemies at once.))


Message History

You start resting.
HP restored.
Items here: )) [[.
y - a +2 morningstar of flaming Magic restored.
i - 2 scrolls labelled LOTUTU ENESAPUZ (gained 1)
You now have 243 gold pieces (gained 12).
An ogre comes into view. It is wielding a +0 giant club.
The ogre shouts!
Casting: Scorch (safe; 4% risk of failure)
Confirm with . or Enter, or press ? or * to list all spells.
Okay, then.
Casting: Scorch (safe; 4% risk of failure)
Confirm with . or Enter, or press ? or * to list all spells.
Okay, then.
This spell is extremely dangerous to cast!
Memorise Flame Wave, consuming 4 spell levels and leaving 1?
You start memorising the spell.
You continue memorising. x4
You finish memorising.
Spell assigned to 'd'.
Casting: Scorch (safe; 4% risk of failure)
Confirm with . or Enter, or press ? or * to list all spells.
The spell is extremely dangerous to miscast (43% risk of failure)!
Continue anyway?
Okay, then.
Casting: Flame Wave (extremely dangerous; 43% risk of failure)
Confirm with . or Enter, or press ? or * to list all spells.
The spell is quite dangerous to miscast (19% risk of failure)!
Continue anyway?
Okay, then.
Unknown command.
Casting: Volatile Blastmotes (quite dangerous; 19% risk of failure)
Confirm with . or Enter, or press ? or * to list all spells.
Flames lash the ogre.
The ogre is moderately wounded.
The ogre's fire resistance burns away.
The ogre hits you with a +0 giant club!!
Ouch! That really hurt!
* * * LOW HITPOINT WARNING * * *
It was a potion of lignification.
You turn into a tree.
Your roots penetrate the ground.
The ogre hits you with a +0 giant club!!
You die...

.#.###...#.....#####
....######......#..## ......#
##....##...## #....
##...........###
.###..)##..............#
............##..#......#
.#.###.##..####........#
#...####.###.#.O.##...#
##....##...##...♣.#....##
#....##.....##.##.......##
###..#.......####....#...#
........._.....###.......###
.....#.......#.............#
....###.....####..........##
....####...###.............#
.....#.##.##.#.##..........###
.....##.#.......#............##


You could see an ogre (combustible).

Vanquished Creatures
  A phantom (D:4)
  A scorpion (D:4)
  A hound (D:4)
  An orc wizard (D:4)
  4 adders
  A dart slug (D:2)
  A worm (D:3)
  10 orcs
  5 endoplasms
  3 giant cockroaches (D:3)
  4 hobgoblins
  4 jackals (D:1)
  5 quokkas
  6 ball pythons
  8 bats
  2 frilled lizards
  8 goblins
  8 kobolds
  7 rats
80 creatures vanquished.

Vanquished Creatures (others)
  63 foxfires
63 creatures vanquished.

Grand Total: 143 creatures vanquished

Notes
Turn   | Place    | Note
-------+----------+-------------------------------------------
     0 | D:1      | Warped the Octopode Fire Elementalist began the quest for
                  | the Orb.
     0 | D:1      | Reached XP level 1. HP: 11/11 MP: 3/3
    80 | D:1      | Reached XP level 2. HP: 5/17 MP: 1/5
    95 | D:1      | Reached skill level 3 in Stealth
   367 | D:1      | Reached XP level 3. HP: 21/21 MP: 2/6
   373 | D:1      | Learned a level 2 spell: Scorch
   464 | D:1      | Noticed a +0 demon blade
   466 | D:1      | Found Xumocw's Weapon Boutique.
   472 | D:1      | Noticed a +0 rapier
   993 | D:2      | Reached XP level 4. HP: 27/27 MP: 8/8
  1002 | D:2      | Reached skill level 1 in Short Blades
  1353 | D:3      | Found a faded altar of an unknown god.
  1421 | D:3      | Learned a level 3 spell: Volatile Blastmotes
  1607 | D:3      | Reached skill level 1 in Fighting
  2184 | D:4      | Reached skill level 4 in Stealth
  2184 | D:4      | Reached XP level 5. HP: 29/33 MP: 9/9
  2233 | D:4      | Found a burning altar of Makhleb.
  2314 | D:4      | Found a stormy altar of Qazlal.
  2321 | D:4      | Found an ancient bone altar of Kikubaaqudgha.
  2324 | D:4      | Found a blossoming altar of Fedhas.
  2324 | D:4      | Found a snail-covered altar of Cheibriados.
  2335 | D:4      | Found a sparkling altar of Nemelex Xobeh.
  2530 | D:4      | Found a basalt altar of Yredelemnul.
  2538 | D:4      | Noticed a phantom
  2543 | D:4      | Killed a phantom
  2544 | D:4      | Reached XP level 6. HP: 35/39 MP: 1/10
  2915 | D:4      | Learned a level 4 spell: Flame Wave
  2916 | D:4      | Mangled by an ogre

Illustrated notes

Levels and vault maps discovered:
D:1:      minmay_arrival_hallway, layout_rooms, serial_shops,
          nicolae_shop_mannequins, minmay_pentomino_s2
D:2:      layout_basic, minmay_misc_feat_encased, hex_intersection
D:3:      layout_basic, shapermc_ecumenical_altar_ellora
D:4:      layout_cave_pools, lemuel_round_altar, kennysheep_little_box,
          nicolae_overflow_hallway_of_the_gods

Skill      XL: |  1  2  3  4  5  6 |
---------------+-------------------+-----
Stealth        | 3 4 |  4.6
Short Blades   | 1 2 3 |  3.0
Fighting       | 1 2 |  2.0
Spellcasting   | 3 |  3.1
Dodging        | |  2.0
Conjurations   | |  1.5
Fire Magic     | |  3.8
Poison Magic   | |  0.2

Action                     |  1- 3 |  4- 6 || total
---------------------------+-------+-------++-------
  Melee: Dagger            |    35 |    47 ||    82
         Constrict         |     9 |    15 ||    24
         Tentacles         |     4 |    13 ||    17
   Cast: Foxfire           |    29 |    10 ||    39
         Scorch            |     1 |    15 ||    16
    Use: Potion            |     1 |     1 ||     2
   Stab: Sleeping          |     3 |     7 ||    10
         Distracted        |       |     1 ||     1
 Armour: Skin              |     1 |     5 ||     6
  Dodge: Dodged            |    38 |    21 ||    59

Table legend: (Time is in decaauts)
 A = Elapsed time spent in this place.
 B = Non-inter-level travel time spent in this place.
 C = Inter-level travel time spent in this place.
 D = Time resting spent in this place.
 E = Time spent auto-exploring this place.
 F = Levels seen in this place.
 G = Mean time per level.
                   A        B        C        D        E       F      G
               +--------+--------+--------+--------+--------+-----+--------+
         Total |   2910 |   2783 |    127 |    257 |   1994 |   4 |  727.5 |
       Dungeon |   2910 |   2783 |    127 |    257 |   1994 |   4 |  727.5 |
               +--------+--------+--------+--------+--------+-----+--------+

Top non-repeatable levels by time:
     D:3: 884 daAuts
     D:4: 734 daAuts
     D:2: 664 daAuts
     D:1: 627 daAuts
